 Dungeon Crawl Stone Soup version 0.25.1-2-g60ff931df9 (webtiles) character file.

Game seed: 9693515937422835373

2744 nikku the Covert (level 9, -1/62 HPs)
             Began as an Octopode Assassin on Nov 18, 2020.
             Was an Initiate of Dithmenos.
             Slain by a wolf (4 damage)
             ... led by Grum
             ... on level 8 of the Dungeon.
             The game lasted 00:17:43 (8156 turns).

nikku the Covert (Octopode Assassin)                Turns: 8156, Time: 00:17:43

Health: -1/62      AC:  5    Str: 10    XL:     9   Next: 68%
Magic:  9/9        EV: 15    Int: 13    God:    Dithmenos [......]
Gold:   210        SH: 12    Dex: 23    Spells: 8/8 levels left

rFire    . . .     SeeInvis .   a - +2 dagger (venom)
rCold    + + .     Gourm    .   C - +3 kite shield
rNeg     . . .     Faith    .   (helmet restricted)
rPois    .         Spirit   .   F - amulet of the acrobat
rElec    .         Reflect  .   v - ring of protection from cold
rCorr    .         Harm     .   x - ring of protection from cold
MR       +....     Rnd*Tele +   y - ring of protection from magic
Stlth    +++++++...             t - ring of teleportation (curse)
HPRegen  0.20/turn              G - +4 ring of protection
MPRegen  0.11/turn              H - +6 ring of dexterity
                                (no ring)
                                (no ring)

@: no status effects
A: almost no armour, stealthy swim, amphibious, 8 rings, constrict 8, camouflage
1, gelatinous body 1
a: Renounce Religion


You were on level 8 of the Dungeon.
You worshipped Dithmenos.
Dithmenos was noncommittal.
You were not hungry.

You visited 2 branches of the dungeon, and saw 9 of its levels.

You collected 606 gold pieces.
You spent 396 gold pieces at shops.

Inventory:

Hand Weapons
 a - a +2 dagger of venom (weapon)
 b - a +0 hunting sling
 p - a +2 dagger
Missiles
 i - 2 curare-tipped darts
 k - 61 sling bullets
 B - 23 poisoned darts (quivered)
Armour
 C - a +3 kite shield (worn)
Jewellery
 t - a cursed ring of teleportation (on tentacle)
 v - a ring of protection from cold (left tentacle)
 x - a ring of protection from cold (right tentacle)
 y - a ring of protection from magic (on tentacle)
 F - an amulet of the acrobat (around mantle)
 G - a +4 ring of protection (on tentacle)
 H - a +6 ring of dexterity (on tentacle)
Wands
 o - a wand of iceblast (7)
 s - a wand of digging (2)
 E - a wand of enslavement (6)
Scrolls
 r - 8 scrolls of teleportation
 u - 2 scrolls of amnesia
 w - a scroll of magic mapping
 D - 2 scrolls of fog
Potions
 c - 4 potions of might
 e - 4 potions of stabbing
 f - a potion of cancellation {unknown}
 g - 2 potions of haste {unknown}
 h - 2 potions of flight {unknown}
 j - 3 potions of brilliance
 l - 2 potions of curing
 m - 2 potions of invisibility
 n - a potion of lignification {unknown}
 q - a potion of ambrosia {unknown}
 A - a potion of magic {unknown}
Comestibles
 d - 9 rations
 z - a chunk of flesh


   Skills:
 + Level 5.9 Fighting
 + Level 5.8 Short Blades
 + Level 6.0 Throwing
 + Level 5.5 Dodging
 + Level 9.6 Stealth
 + Level 2.9 Shields


You had 8 spell levels left.
You didn't know any spells.
Your spell library contained the following spells:

 Spells                   Type           Power        Failure   Level  Hunger
 Magic Dart               Conj           #...         82%         1    ##.....
 Blink                    Tloc           N/A          91%         2    ###....
 Call Imp                 Summ           #.......     91%         2    ###....
 Slow                     Hex            #.......     91%         2    ###....
 Conjure Flame            Conj/Fire      #.......     99%         3    ####...
 Mephitic Cloud           Conj/Pois/Air  #.......     99%         3    ####...


Dungeon Overview and Level Annotations

Branches:
Dungeon (8/15)             Temple (1/1) D:7
   Lair: D:8-11

Altars:
Ashenzari
Cheibriados
Dithmenos
Elyvilon
Gozag
Hepliaklqana
Makhleb
Nemelex Xobeh
Okawaru
Qazlal
Ru
Sif Muna
Uskayaw
Vehumet
Wu Jian
Xom
Zin
The Shining One

Shops:
D:6 =

Annotations:
D:8 Grum


Innate Abilities, Weirdness & Mutations

You cannot wear most types of armour.
You are very stealthy in the water. (Stealth+)
You are amphibious.
You can wear up to eight rings at the same time.
You can use your tentacles to constrict eight enemies at once.
Your skin changes colour to match your surroundings (Stealth+).
Your rubbery body absorbs attacks. (AC +1, EV +1)


Message History

Your Throwing skill increases to level 6!
You feel a bit more experienced. The wolf bites you.
* * * LOW HITPOINT WARNING * * *
The adder hisses angrily.
You hit the wolf.
The wolf is poisoned.
Your grab misses the wolf.
The wolf is lightly wounded.
The wolf completely misses you.
You closely miss the wolf. Your grab misses the wolf.
The wolf is lightly wounded.
The wolf splashes around in the water.
Grum hits you from afar with a +0 halberd of venom!
* * * LOW HITPOINT WARNING * * *
An electric eel comes into view.
You block the wolf's attack.
You hit the adder. You grab the adder. Your squeeze misses the adder.
The adder is moderately wounded.
You constrict the adder. The adder bites you.
* * * LOW HITPOINT WARNING * * *
The wolf bites you.
You die...

...≈≈≈≈.≈≈♣............≈
.......♣.............[♣
........#.h...))......♣♣♣♣
........#......).........♣
........#...♣♣♣♣♣........♣
........##♣♣♣ ♣♣♣♣..##...
...#+####≈♣≈P≈♣≈≈♣g.##..
.?.# ≈≈;≈≈P≈Ph♣≈.....#
≈≈.≈≈PP@h≈♣♣≈...#
......S.≈≈≈≈≈...#
................#
.≈≈r............#
P≈≈≈PP≈≈≈.♣.....#
≈≈≈≈≈P≈≈PP≈.....
≈≈≈≈≈≈≈≈≈♣####..
≈≈≈≈≈≈≈≈≈.


You could see Grum, 2 wolves, an electric eel, an adder and a quokka.

Vanquished Creatures
  Pikel (D:5)
  A necrophage (D:3)
  A wolf (D:8)
  3 ogres
  3 bullfrogs
  3 scorpions (D:4)
  An oklob sapling (D:7)
  7 electric eels (D:8)
  3 howler monkeys
  2 crimson imps
  3 hounds
  A quasit (D:6)
  A gnoll shaman (D:5)
  4 jellies
  3 orc priests
  Ijyb (D:3)
  A bullfrog skeleton (D:4)
  Jessica (D:3)
  An iguana (D:5)
  4 orc wizards
  6 worker ants
  A hound skeleton (D:4)
  A worker ant zombie (D:7)
  8 adders
  5 gnolls
  A shadow imp (D:8)
  10 oozes
  An adder skeleton (D:5)
  3 adder zombies
  A worm (D:2)
  A dart slug (D:3)
  4 leopard geckos
  18 orcs
  2 ball pythons
  5 bats
  4 giant cockroaches
  6 goblins
  8 hobgoblins
  13 jackals
  15 kobolds
  2 quokkas (D:2)
  8 frilled lizards
  A quokka skeleton (D:4)
  4 rats
  A fungus (D:6)
  A plant (D:7)
175 creatures vanquished.

Vanquished Creatures (others)
  A slave (D:5)
  A hound (D:5)
  A bullfrog zombie (D:6)
  A hound zombie (D:5)
  A worm (D:5)
  A giant cockroach (D:5)
  2 fungi (D:6)
  13 toadstools
21 creatures vanquished.

Grand Total: 196 creatures vanquished

Notes
Turn   | Place    | Note
-------+----------+-------------------------------------------
     0 | D:1      | nikku the Octopode Assassin began the quest for the Orb.
     0 | D:1      | Reached XP level 1. HP: 14/14 MP: 1/1
   194 | D:1      | Reached XP level 2. HP: 19/19 MP: 2/2
   706 | D:1      | Reached XP level 3. HP: 23/24 MP: 3/3
   872 | D:1      | Found an opulent altar of Gozag.
  1677 | D:2      | Reached XP level 4. HP: 23/30 MP: 4/4
  1931 | D:2      | Reached skill level 6 in Stealth
  2006 | D:2      | Reached XP level 5. HP: 7/36 MP: 5/5
  2565 | D:2      | Reached XP level 6. HP: 42/42 MP: 6/6
  2903 | D:3      | Found a faded altar of an unknown god.
  3149 | D:3      | Found a shimmering altar of Xom.
  3153 | D:3      | Noticed an angel
  3156 | D:3      | Found a glowing silver altar of Zin.
  3276 | D:3      | Noticed Ijyb
  3283 | D:3      | Killed Ijyb
  3350 | D:3      | Noticed Jessica
  3355 | D:3      | Killed Jessica
  3364 | D:3      | Noticed a necrophage
  3373 | D:3      | Killed a necrophage
  3804 | D:4      | Reached XP level 7. HP: 40/47 MP: 7/7
  3909 | D:4      | Reached skill level 7 in Stealth
  4812 | D:5      | Entered Level 5 of the Dungeon
  4945 | D:5      | Noticed Pikel
  4963 | D:5      | Killed Pikel
  4963 | D:5      | Reached skill level 8 in Stealth
  4963 | D:5      | Reached XP level 8. HP: 39/54 MP: 8/8
  5097 | D:5      | Found a stormy altar of Qazlal.
  5392 | D:5      | Reached skill level 5 in Fighting
  5451 | D:5      | Reached skill level 5 in Throwing
  5551 | D:5      | Reached skill level 5 in Short Blades
  5588 | D:5      | Reached skill level 1 in Shields
  6007 | D:6      | Reached XP level 9. HP: 44/61 MP: 9/9
  6278 | D:6      | Found Uteyllam's Jewellery Emporium.
  6284 | D:6      | Bought a +4 ring of protection for 396 gold pieces
  6393 | D:6      | Reached skill level 5 in Dodging
  6393 | D:6      | Reached skill level 9 in Stealth
  6449 | D:6      | Found an ornate altar of the Wu Jian Council.
  6981 | D:7      | Found a staircase to the Ecumenical Temple.
  7095 | Temple   | Entered the Ecumenical Temple
  7741 | D:7      | Found a shadowy altar of Dithmenos.
  7864 | D:7      | Became a worshipper of Dithmenos the Shadowed
  8051 | D:8      | Noticed Grum
  8154 | D:8      | HP: 3/62 [Grum/+0 halberd of venom (14)]
  8156 | D:8      | Slain by a wolf

Illustrated notes

Levels and vault maps discovered:
D:1:      zelgadis_glass_arrival_small, layout_basic, minmay_hexomino_r4
D:2:      cheibrodos_fertilizer, layout_loops_ring, first_ration
D:3:      cheibrodos_old_hovel, layout_loops_corners,
          grunt_temple_overflow_order_and_chaos_1,
          chequers_ecumenical_altar_twisty,
          wander_ebering_terrifying_dragon_lair, uniq_jessica, uniq_ijyb
D:4:      layout_basic, interstate_on_off
D:5:      layout_loops_cross, lemuel_doored_altar, uniq_pikel
D:6:      layout_loops_ring, lemuel_coloured_pillars_altar, serial_shops, shop,
          minmay_gold_behind_fungi, lemuel_flame_loot_1
D:7:      layout_rooms, kennysheep_little_box, minmay_temple_entry_oklob
D:8:      layout_gridville, serial_bayou, serial_bayou_ford_a,
          serial_bayou_pond_b, serial_bayou_lake_a, serial_bayou_crossing,
          serial_bayou_pond_d, serial_bayou_lagoon_a, serial_shops,
          nicolae_shop_overgrown_old_shop, uniq_harold, uniq_grum
Temple:   dshaligram_water_room_temple

Skill      XL: |  1  2  3  4  5  6  7  8  9 |
---------------+----------------------------+-----
Dodging        | 2 3 4 5 |  5.5
Stealth        | 6 8 9 |  9.6
Throwing       | 3 4 5 6 |  6.0
Fighting       | 3 4 5 |  5.9
Short Blades   | 3 4 5 |  5.8
Shields        | 1 2 |  2.9

Action                   |  1- 3 |  4- 6 |  7- 9 || total
-------------------------+-------+-------+-------++-------
Melee: Dagger            |    77 |    85 |   266 ||   428
       Constrict         |    16 |    15 |    57 ||    88
       Tentacles         |     8 |    18 |    66 ||    92
Throw: Dart              |     6 |    12 |     9 ||    27
  Use: Scroll            |     6 |     7 |     5 ||    18
       Potion            |       |       |     5 ||     5
 Stab: Sleeping          |    12 |    23 |    27 ||    62
       Distracted        |       |     1 |     1 ||     2
  Eat: Chunk             |     2 |     7 |    10 ||    19
       Ration            |       |       |     1 ||     1
Armor: Skin              |     5 |     8 |    20 ||    33
Dodge: Dodged            |    44 |    36 |   103 ||   183
Block: Kite shield       |       |       |    71 ||    71
